 Dungeon Crawl Stone Soup version 0.32-a0-433-g08bcfe7efd (webtiles) character file.

Game seed: 17095181367784594120

101301 jasper the Carver (level 16, -7/126 HPs)
             Began as a Coglin Chaos Knight on Feb 22, 2024.
             Was the Champion of Cheibriados.
             Mangled by a ghost moth (9 damage)
             ... on level 1 of the Spider Nest.
             The game lasted 00:50:10 (24033 turns).

jasper the Carver (Coglin Chaos Knight)            Turns: 24033, Time: 00:50:11

Health: -7/126     AC: 12    Str: 29      XL:     16   Next: 30%
Magic:  0/21       EV: 24    Int: 30 (32) God:    Cheibriados [******]
Gold:   729        SH:  0    Dex: 37      Spells: 6/15 levels left

rFire   + . .        S - +0 long sword (protect) {Kanlaya}
rCold   . . .        B - +3 scimitar (freeze) {José}
rNeg    + + .        J - +2 ring mail {rN+}
rPois   +            b - +0 helmet
rElec   .            M - +2 cloak {rPois}
rCorr   .            D - +2 pair of gloves
SInv    .            O - +2 pair of boots of Nil Ohyow {rPois Str+3 Slay+2}
Will    +....        z - amulet of regeneration
Stlth   ++           e - +4 ring of slaying
HPRegen 1.21/turn    r - ring of positive energy
MPRegen 0.17/turn

%: no passive effects
@: corroded, immotile, revving, very slow
A: off-hand wielding, slow wielding, warmup strikes, legs shutdown, agile 2,
fire resistance 1, low MP 1, inability to read after injury 1
a: Renounce Religion, Bend Time, Temporal Distortion, Slouch, Step From Time


You were on level 1 of the Spider Nest.
You worshipped Cheibriados.
Cheibriados was exalted by your worship.
You visited 4 branches of the dungeon, and saw 23 of its levels.

You collected 1740 gold pieces.
You spent 1011 gold pieces at shops.

Inventory:

Hand Weapons
 B - a +3 scimitar of freezing (offhand) {José}
 S - a +0 long sword of protection (weapon) {Kanlaya}
Missiles
 d - a throwing net
 h - 13 boomerangs (quivered)
 k - 72 poisoned darts
 R - 5 curare-tipped darts
Armour
 b - a +0 helmet (worn)
 D - a +2 pair of gloves (worn)
 J - a +2 ring mail of positive energy (worn)
 M - a +2 cloak of poison resistance (worn)
 O - the +2 pair of boots of Nil Ohyow (worn) {rPois Str+3 Slay+2}
   (You found it on level 1 of the Spider Nest)

   Str+3:     It affects your strength (+3).
   Slay+2:    It affects your accuracy & damage with ranged weapons and melee
   (+2).
   rPois:     It protects you from poison
 T - +0 acid dragon scales
Jewellery
 e - a +4 ring of slaying (left grasper)
 i - a ring of wizardry
 q - the amulet "Yvaeq" {Acrobat rF+}
   (You acquired it on level 5 of the Dungeon)

   [amulet of the acrobat]

   Acrobat:   It increases your evasion while moving and waiting.
   rF+:       It protects you from fire.
 r - a ring of positive energy (right grasper)
 z - an amulet of regeneration (around neck)
 X - a ring of flight
 Y - a ring of fire
Wands
 a - a wand of light (10)
 n - a wand of mindburst (4)
 t - a wand of digging (4)
 y - a wand of iceblast (11)
 A - a wand of flame (57)
 P - a wand of charming (12)
Scrolls
 c - a scroll of butterflies
 j - 2 scrolls of vulnerability
 l - a scroll of summoning
 m - 2 scrolls of immolation
 s - a scroll of enchant armour
 x - 4 scrolls of teleportation
 C - 2 scrolls of enchant weapon
 G - 4 scrolls of identify
 I - 5 scrolls of poison
 K - a scroll of revelation
 W - a scroll of fear
Potions
 f - 6 potions of lignification
 g - 7 potions of mutation
 o - 4 potions of heal wounds
 p - 3 potions of brilliance
 u - 2 potions of magic
 v - 3 potions of ambrosia
 w - 3 potions of berserk rage
 E - 9 potions of curing
 F - 2 potions of invisibility
 H - 3 potions of enlightenment
 L - 2 potions of might
 N - 5 potions of attraction
 V - a potion of cancellation
Miscellaneous
 Q - a lightning rod (inert)
 U - a phantom mirror
 Z - a condenser vane (inert)


   Skills:
 + Level 11.4 Fighting
 - Level 14.0 Long Blades
 + Level 8.7 Armour
 + Level 9.6 Dodging
 - Level 13.0 Translocations
 - Level 11.0 Invocations
 - Level 7.0 Evocations


You had 6 spell levels left.
You knew the following spells:

 Your Spells              Type           Power      Damage    Failure   Level
b - Teleport Other        Tloc           67%        N/A       1%          3
c - Dispersal             Tloc           33%        N/A       10%         6

Your spell library contained the following spells:

 Spells                   Type           Power      Damage    Failure   Level
 Gell's Gravitas          Tloc           67%        N/A       1%          3
 Passage of Golubria      Tloc           67%        N/A       1%          4
 Dimensional Bullseye     Hex/Tloc       19%        N/A       9%          4
 Foxfire                  Conj/Fire      0%         2x1d4     13%         1
 Freeze                   Ice            0%         1d3       13%         1
 Call Imp                 Summ           0%         N/A       21%         2
 Scorch                   Fire           0%         2d5       21%         2
 Sublimation of Blood     Necr           0%         N/A       21%         2
 Call Canine Familiar     Summ           0%         N/A       36%         3
 Frozen Ramparts          Ice            0%         1d1       36%         3
 Hailstorm                Conj/Ice       0%         3d5       36%         3
 Sigil of Binding         Hex            0%         N/A       36%         3
 Summon Ice Beast         Ice/Summ       0%         N/A       36%         3
 Sticky Flame             Fire/Alch      0%         2d4       78%         4
 Summon Blazeheart Golem  Fire/Summ      0%         N/A       78%         4
 Silence                  Hex/Air        0%         N/A       98%         5
 Sculpt Simulacrum        Ice/Alch       0%         N/A       100%        6
 Malign Gateway           Summ/Tloc      19%        N/A       100%        7
 Orb of Destruction       Conj           0%         9d5       100%        7
 Spellforged Servitor     Conj/Summ      0%         N/A       100%        7
 Summon Hydra             Summ           0%         N/A       100%        7
 Lehudib's Crystal Spear  Conj/Erth      0%         10d2      100%        8
 Summon Horrible Things   Summ           0%         N/A       100%        8
 Polar Vortex             Ice            0%         N/A       100%        9


Dungeon Overview and Level Annotations

Branches:
Dungeon (15/15)            Temple (0/1) D:5            Lair (5/5) D:11
  Swamp (0/4) Lair:2       Spider (1/4) Lair:3        Slime (0/5) Lair:5
    Orc (2/2) D:10            Elf (0/3) Orc:2        Vaults (0/5) D:14
 Depths (0/4) D:15

Altars:
Cheibriados
Dithmenos
Elyvilon
Fedhas
Gozag
Hepliaklqana
Kikubaaqudgha
Okawaru
Qazlal
Sif Muna
Vehumet
Wu Jian
Xom
Yredelemnul
The Shining One
Jiyva
Lugonu

Shops:
D:8 [   D:9 [   Orc:1 (   Orc:2 [**(=

Portals:
Abyss: D:14 Lair:5

Annotations:
D:6 3 runed translucent doors, BubbleThief's ghost, novice MDFi
D:14 2 transporters, Sarer's ghost, journeyman MiBe


Innate Abilities, Weirdness & Mutations

You can wield a second weapon in your off-hand.
It takes a long time for you to wield or remove held weapons.
Your first few attacks do less damage.
Attacking and casting redirects power from your legs.
You are very agile. (Dex +8, Str/Int -2)
Your flesh is heat resistant. (rF+)
Your magical capacity is low. (-10% MP)
You occasionally lose the ability to read scrolls when taking damage.


Message History

You regained 10 hp, and now have 49/126 hp.
You miss the entropy weaver with your +0 long sword of protection.
The entropy weaver is lightly wounded.
You slash the entropy weaver with your +3 scimitar of freezing!
You freeze the entropy weaver.
The entropy weaver gestures at you while chanting.
The entropic weave corrodes you!
You barely miss the entropy weaver with your +0 long sword of protection.
The entropy weaver is moderately wounded.
You slash the entropy weaver with your +3 scimitar of freezing!
You freeze the entropy weaver.
You feel you are being watched by something.
Something hits you. Something completely misses you. Something stings you!
* * * LOW HITPOINT WARNING * * *
You feel dopey.
A redback comes into view.
You take 18 damage, and have 32/126 hp.
You closely miss the entropy weaver with your +0 long sword of protection.
The entropy weaver is heavily wounded.
You completely miss the entropy weaver with your +3 scimitar of freezing.
The entropy weaver barely misses you.
The entropy weaver hits you but does no damage.
The entropy weaver misses you. The entropy weaver barely misses you.
Something hits you!
* * * LOW HITPOINT WARNING * * *
Something hits you but does no damage. Something misses you.
You take 13 damage, and have 19/126 hp.
You completely miss the entropy weaver with your +0 long sword of protection.
The entropy weaver is heavily wounded.
You barely miss the entropy weaver with your +3 scimitar of freezing.
The entropy weaver closely misses you. The entropy weaver misses you.
The entropy weaver barely misses you. The entropy weaver hits you.
* * * LOW HITPOINT WARNING * * *
You feel you are being watched by something.
Something hits you!
* * * LOW HITPOINT WARNING * * *
Something barely misses you. Something stings you!
You die...
Cheibriados appreciates the motionlessness of death.
Xom laughs nastily!

#.#.#.#^..†.......
#[.©.[#.......[... .
#######........... ..
#..©..#........... ...
##..©..#........... ....
#..................
.....####.........######
......s.................
.....s{@................
......B.†.....#.........
.†.#†.........#.........
......ss......##........
...............#.^....#.
.......†.......# #.....
.s.............. ......
................ ..#...
. #...


You could see an entropy weaver (soul bound), 3 demonic crawlers, a jumping
spider (soul bound) and a redback.

Vanquished Creatures
  An orc warlord (Orc:2)
  2 very ugly things (D:15)
  Nessos (Lair:3)
  2 spark wasps (Spider:1)
  An entropy weaver (Spider:1)
  4 hydras
  Erolcha (D:11)
  A catoblepas (Lair:5)
  A jorogumo (Spider:1)
  4 centaur warriors
  5 boulder beetles
  10 two-headed ogres
  4 death yaks (Lair:5)
  2 thrashing horrors (Lair:5)
  2 tengu warriors (D:14)
  4 orc high priests (Orc:2)
  A demonic crawler (Spider:1)
  2 skysharks
  Sonja (D:10)
  3 skeletal warriors (D:13)
  2 pharaoh ants (Spider:1)
  2 orb spiders
  A glowing orange brain (D:15)
  Pikel (D:7)
  2 lindwurms
  4 orc knights
  8 orc sorcerers (Orc:2)
  A deep elf pyromancer (D:15)
  4 manticores
  A moth of wrath (shapeshifter) (D:15)
  2 wolf spiders (Spider:1)
  14 ugly things
  2 large abominations (Lair:5)
  5 cyclopes
  5 black mambas
  3 elephants (Lair:2)
  13 cane toads
  A smoke demon (Lair:5)
  A torpor snail (Lair:5)
  2 gargoyles
  4 rime drakes
  14 komodo dragons
  5 kobold demonologists
  4 trolls
  2 trolls (shapeshifter) (Lair:5)
  3 polar bears (Lair:5)
  16 blink frogs
  Prince Ribbit (D:5)
  2 hornets
  3 raiju (Lair:5)
  2 tarantellas (Spider:1)
  14 dream sheep
  4 culicivoras (Spider:1)
  3 jumping spiders (Spider:1)
  3 slime creatures (D:15)
  2 spriggans (Lair:5)
  A wraith (D:11)
  2 shadows
  8 small abominations (Lair:5)
  A human (shapeshifter) (Lair:5)
  43 yaks
  2 ynoxinuls (Lair:5)
  Eustachio (D:5)
  8 wyverns
  14 basilisks
  A human (D:10)
  3 wargs
  A chaos spawn (Lair:5)
  4 redbacks (Spider:1)
  3 vampire mosquitoes (D:12)
  16 water moccasins
  2 acid dragons (D:10)
  3 ice beasts
  28 orc warriors
  2 sky beasts
  6 black bears
  2 laughing skulls (D:15)
  4 ogres
  7 wolves
  13 centaurs
  3 phantoms
  2 lemures (D:7)
  9 bullfrogs
  7 kobold brigands
  A wyvern zombie (D:6)
  A gnoll sergeant (D:10)
  6 scorpions
  13 wights
  13 killer bees
  3 howler monkeys
  3 bombardier beetles
  An electric eel (D:10)
  2 centaur zombies (D:4)
  9 jellies
  A bullfrog zombie (D:6)
  3 hounds
  A gnoll bouda (D:7)
  15 iguanas
  12 orc priests
  5 sleepcaps
  20 orc wizards
  2 scorpion zombies (D:4)
  A hound zombie (D:4)
  3 hound skeletons (D:4)
  A howler monkey skeleton (D:4)
  8 gnolls
  9 adders
  4 shadow imps
  A white imp (D:5)
  4 ufetubi
  2 adder skeletons (D:4)
  An adder zombie (D:4)
  4 ribbon worms
  A dart slug (D:3)
  57 orcs
  5 endoplasms
  5 giant cockroaches
  7 hobgoblins
  9 jackals
  39 kobolds
  4 quokkas
  13 ball pythons
  13 bats
  4 frilled lizards
  10 goblins
  11 kobold skeletons (D:11)
  7 kobold zombies (D:11)
  A quokka skeleton (D:4)
  2 rats (D:3)
741 creatures vanquished.

Vanquished Creatures (collateral kills)
  A hydra (D:15)
1 creature vanquished.

Vanquished Creatures (others)
  A culicivora (Spider:1)
  An orc (Orc:1)
  A quokka zombie (D:4)
3 creatures vanquished.

Grand Total: 745 creatures vanquished

Notes
Turn   | Place    | Note
-------+----------+-------------------------------------------
     0 | D:1      | jasper the Coglin Chaos Knight began the quest for the Orb.
     0 | D:1      | Reached XP level 1. HP: 18/18 MP: 1/1
   292 | D:1      | Reached XP level 2. HP: 24/24 MP: 2/2
   426 | D:1      | XOM: scenery: create altars
   448 | D:1      | XOM: god gift: 18 gold pieces
   453 | D:1      | Reached skill level 4 in Long Blades
   488 | D:1      | Reached XP level 3. HP: 29/29 MP: 3/3
   542 | D:1      | XOM is BORED!
   542 | D:1      | XOM: stat loss: -2 Int (11/13)
  1004 | D:2      | XOM is BORED!
  1004 | D:2      | XOM: 2-stop teleportation journey
  1190 | D:2      | XOM: give mutations
  1190 | D:2      | Gained mutation: Armour fits poorly on your strangely
                  | shaped body. [Xom's mischief]
  1190 | D:2      | Gained mutation: You are agile. (Dex +4, Str/Int -1) [Xom's
                  | mischief]
  1444 | D:2      | Reached XP level 4. HP: 30/35 MP: 4/4
  1607 | D:2      | Reached skill level 5 in Long Blades
  1767 | D:3      | XOM is BORED!
  1835 | D:3      | Found a stormy altar of Qazlal.
  1896 | D:3      | XOM: polymorph orc -> goblin
  1912 | D:3      | Reached XP level 5. HP: 35/41 MP: 5/5
  1940 | D:3      | XOM: 1-stop teleportation journey
  2346 | D:3      | Noticed a phantom
  2361 | D:3      | Killed a phantom
  2362 | D:3      | Reached skill level 6 in Long Blades
  2366 | D:3      | Killed a phantom
  2366 | D:3      | XOM: give mutation
  2366 | D:3      | Gained mutation: Your muscles are strong. (Str +4, Int/Dex
                  | -1) [Xom's mischief]
  2452 | D:3      | Found a faded altar of an unknown god.
  2455 | D:3      | Found a snail-covered altar of Cheibriados.
  2461 | D:3      | Reached XP level 6. HP: 43/47 MP: 6/6
  2462 | D:3      | XOM: give mutations
  2462 | D:3      | Lost mutation: Your muscles are strong. (Str +4, Int/Dex
                  | -1) [Xom's mischief]
  2462 | D:3      | Gained mutation: You have a pair of small horns on your
                  | head. [Xom's mischief]
  2462 | D:3      | Lost mutation: Armour fits poorly on your strangely shaped
                  | body. [Xom's mischief]
  2462 | D:3      | Lost mutation: You have a pair of small horns on your head.
                  | [Xom's mischief]
  2683 | D:3      | Fell from the grace of Xom
  2683 | D:3      | Became a worshipper of Cheibriados the Contemplative
  2747 | D:4      | Reached skill level 1 in Dodging
  2801 | D:4      | Reached skill level 7 in Long Blades
  2806 | D:4      | XOM: give mutations
  2806 | D:4      | Gained mutation: Your magical capacity is low. (-10% MP)
                  | [Xom's mischief]
  2806 | D:4      | Gained mutation: You are very agile. (Dex +8, Str/Int -2)
                  | [Xom's mischief]
  2806 | D:4      | Gained mutation: Your flesh is heat resistant. (rF+) [Xom's
                  | mischief]
  2806 | D:4      | Gained mutation: You occasionally lose the ability to read
                  | scrolls when taking damage. [Xom's mischief]
  2946 | D:4      | Reached * piety under Cheibriados
  2977 | D:4      | Reached XP level 7. HP: 29/52 MP: 6/6
  3515 | D:4      | Reached skill level 8 in Long Blades
  3567 | D:4      | Reached ** piety under Cheibriados
  3605 | D:4      | Reached XP level 8. HP: 48/61 MP: 7/7
  4124 | D:5      | Entered Level 5 of the Dungeon
  4195 | D:5      | Noticed Prince Ribbit
  4207 | D:5      | Killed Prince Ribbit
  4208 | D:5      | Reached skill level 5 in Fighting
  4208 | D:5      | Reached skill level 9 in Long Blades
  4211 | D:5      | XOM: summons 10 hostile demons
  4366 | D:5      | XOM: 1-stop teleportation journey
  4370 | D:5      | Noticed Eustachio
  4404 | D:5      | Killed Eustachio
  4458 | D:5      | Reached XP level 9. HP: 48/68 MP: 8/8
  4578 | D:5      | Found a white marble altar of Elyvilon.
  4688 | D:5      | Found a hazy altar of Hepliaklqana.
  4724 | D:5      | Found a staircase to the Ecumenical Temple.
  5065 | D:5      | Identified a scroll of acquirement
  5065 | D:5      | Acquired the amulet "Yvaeq" {Acrobat rF+}
  5118 | D:6      | Found a shadowy altar of Dithmenos.
  5141 | D:6      | Reached *** piety under Cheibriados
  5152 | D:6      | Found a runed translucent gate.
  5152 | D:6      | Found a runed translucent gate.
  5152 | D:6      | Found a runed translucent gate.
  5152 | D:6      | Noticed BubbleThief's ghost (novice MDFi)
  5158 | D:6      | Found a basalt altar of Yredelemnul.
  5164 | D:6      | Reached skill level 10 in Long Blades
  5317 | D:6      | XOM: noise
  5483 | D:6      | Reached skill level 5 in Dodging
  6050 | D:6      | XOM: noise
  6118 | D:6      | XOM: silly message
  6233 | D:6      | Learned a level 4 spell: Passage of Golubria
  6258 | D:6      | XOM: silly message
  6351 | D:6      | XOM: divination: detect creatures
  6436 | D:6      | XOM: silly message
  6517 | D:6      | XOM: silly message
  6684 | D:7      | Reached skill level 11 in Long Blades
  6688 | D:7      | Reached **** piety under Cheibriados
  6907 | D:7      | Reached XP level 10. HP: 77/77 MP: 9/9
  6943 | D:7      | Found a runed translucent door.
  6944 | D:7      | Found an iron altar of Okawaru.
  6977 | D:7      | Noticed Pikel
  6994 | D:7      | Killed Pikel
  6995 | D:7      | Reached skill level 12 in Long Blades
  7361 | D:7      | Found the +0 toga "Victory" {*Victory Clar}
  7672 | D:8      | Reached skill level 13 in Long Blades
  7675 | D:8      | Reached ***** piety under Cheibriados
  8185 | D:8      | Found Goret's Armour Shoppe.
  8196 | D:8      | Bought a +2 cloak of poison resistance for 296 gold pieces
  8639 | D:8      | XOM: noise
  8799 | D:8      | XOM: summons 2 hostile demons
  8829 | D:8      | Was forgiven by Xom
  8884 | D:8      | Found an opulent altar of Gozag.
  8884 | D:8      | Found an ornate altar of the Wu Jian Council.
  9111 | D:9      | Found Xofutz's Antique Armour Boutique.
  9206 | D:8      | Bought a +0 pair of boots for 72 gold pieces
  9463 | D:9      | Reached skill level 14 in Long Blades
  9665 | D:9      | Reached skill level 1 in Invocations
  9685 | D:9      | Found a blossoming altar of Fedhas.
  9795 | D:9      | Noticed a two-headed ogre
  9802 | D:9      | Killed a two-headed ogre
  9803 | D:9      | Reached XP level 11. HP: 63/83 MP: 9/11
  9905 | D:9      | Found a glowing golden altar of the Shining One.
 10184 | D:10     | Entered Level 10 of the Dungeon
 10238 | D:10     | Noticed a two-headed ogre
 10245 | D:10     | Killed a two-headed ogre
 10247 | D:10     | Noticed Sonja
 10261 | D:10     | Killed Sonja
 10286 | D:10     | Reached skill level 5 in Invocations
 10681 | D:10     | Found a radiant altar of Vehumet.
 10751 | D:10     | Noticed a two-headed ogre
 10761 | D:10     | Killed a two-headed ogre
 10774 | D:10     | Noticed a two-headed ogre
 10934 | D:10     | Found a staircase to the Orcish Mines.
 10960 | D:10     | Noticed a sixfirhy
 10960 | D:10     | Reached ****** piety under Cheibriados
 11385 | D:10     | Killed a two-headed ogre
 11390 | D:10     | Learned a level 3 spell: Teleport Other
 11470 | D:11     | Noticed Erolcha
 11470 | D:11     | Noticed a cyclops
 11473 | D:11     | Killed a cyclops
 11474 | D:11     | Reached XP level 12. HP: 91/91 MP: 14/15
 11480 | D:11     | Killed Erolcha
 11771 | D:11     | Noticed a two-headed ogre
 11802 | D:11     | Killed a two-headed ogre
 11909 | D:11     | Found an ancient bone altar of Kikubaaqudgha.
 12175 | D:11     | Found a staircase to the Lair.
 12540 | D:11     | Noticed a two-headed ogre
 12543 | D:11     | Killed a two-headed ogre
 12544 | D:11     | Reached skill level 10 in Invocations
 12946 | Lair:1   | Entered Level 1 of the Lair of Beasts
 13870 | Lair:2   | Reached XP level 13. HP: 34/96 MP: 8/19
 13871 | Lair:2   | Reached skill level 5 in Evocations
 14165 | Lair:2   | Reached skill level 1 in Translocations
 14275 | Lair:2   | You fall into a shaft and drop 2 floors!
 15575 | Lair:3   | Noticed Nessos
 15577 | Lair:3   | Killed Nessos
 15584 | Lair:3   | Reached skill level 5 in Translocations
 15601 | Lair:3   | Reached skill level 5 in Armour
 16282 | Lair:3   | Found a hole to the Spider Nest.
 16638 | Lair:2   | Reached XP level 14. HP: 106/106 MP: 20/20
 16892 | Lair:2   | Found a staircase to the Swamp.
 17520 | Orc:1    | Entered Level 1 of the Orcish Mines
 17574 | Orc:1    | Learned a level 6 spell: Dispersal
 17660 | Orc:2    | Entered Level 2 of the Orcish Mines
 17772 | Orc:2    | Noticed an orc warlord
 17780 | Orc:2    | Killed an orc warlord
 17939 | Orc:2    | Found Ashoph's Jewellery Emporium.
 17949 | Orc:2    | Bought an amulet of regeneration for 420 gold pieces
 17977 | Orc:2    | Found a staircase to the Elven Halls.
 18140 | Orc:2    | Found Jucuno's Antique Weapon Boutique.
 18164 | Orc:2    | Found Woox's General Store.
 18232 | Orc:2    | Bought a scroll of enchant weapon for 127 gold pieces
 18235 | Orc:2    | Found Isefadd's General Store.
 18238 | Orc:2    | Found Kobremes's Antique Armour Emporium.
 18368 | Orc:2    | Bought a scroll of teleportation for 48 gold pieces
 18368 | Orc:2    | Bought a scroll of teleportation for 48 gold pieces
 18650 | Orc:1    | Found Lush's Antique Weapon Emporium.
 19062 | Lair:5   | Entered Level 5 of the Lair of Beasts
 19296 | Lair:5   | Reached skill level 10 in Fighting
 19497 | Lair:5   | Reached XP level 15. HP: 115/115 MP: 17/20
 19516 | Lair:5   | Found a staircase to the Slime Pits.
 19521 | Lair:5   | Found a viscous altar of Jiyva.
 19993 | Lair:5   | Reached skill level 10 in Translocations
 20221 | Lair:5   | Found a corrupted altar of Lugonu.
 20221 | Lair:5   | Found a one-way gate to the infinite horrors of the Abyss.
 20535 | D:12     | Found the +3 Elemental Staff {ele, rElec rF+ rC+ AC+3}
 21912 | D:14     | Found a gate to the Vaults.
 22050 | D:14     | Noticed Sarer's ghost (journeyman MiBe)
 22051 | D:14     | Noticed a tentacled starspawn
 22052 | D:14     | Noticed a profane servitor
 22085 | D:14     | Found a transporter.
 22104 | D:14     | Found a transporter.
 22144 | D:14     | Found a shimmering blue altar of Sif Muna.
 22564 | D:15     | Entered Level 15 of the Dungeon
 23343 | D:15     | Found a staircase to the Depths.
 23353 | D:15     | Reached XP level 16. HP: 125/125 MP: 21/21
 23839 | Spider:1 | Entered Level 1 of the Spider Nest
 23860 | Spider:1 | Got the Cyclopedia of the Tundra and Pyromancy
 23948 | Spider:1 | Found a transporter.
 23949 | Spider:1 | Found a transporter.
 23993 | Spider:1 | Got the +2 pair of boots of Nil Ohyow {rPois Str+3 Slay+2}
 24033 | Spider:1 | HP: 2/126 [something (13)]
 24033 | Spider:1 | Mangled by a ghost moth

Illustrated notes

Levels and vault maps discovered:
D:1:      kennysheep_arrival_seaside, layout_loops_ring
D:2:      layout_loops_cross, minmay_tripent
D:3:      layout_basic, nicolae_overflow_ecumenical_swirl,
          amcnicky_altar_gilded, skrybe_limestone_x
D:4:      layout_cave_pods, serial_undead, serial_undead_c, serial_undead_e,
          serial_undead_e, serial_undead_d, serial_undead_b, serial_undead_f,
          serial_undead_a, serial_undead_b, hangedman_minor_gate_pass
D:5:      layout_rooms, nicolae_elyvilon_peaceful_grove, lemuel_crystal_altar,
          minmay_temple_entry_antechambers, uniq_prince_ribbit1, uniq_eustachio
D:6:      layout_layer_cave, grunt_dithmenos_smoke_and_mirrors,
          nicolae_yredelemnul_ghost_church, kennysheep_generic_room_3
D:7:      layout_basic, nicolae_overflow_guarded_unrand_okawaru_victory,
          st_stairs_11, uniq_pikel
D:8:      layout_layer_cave, gammafunk_temple_overflow_wave, serial_shops,
          nicolae_lakefront_shop
D:9:      layout_long_grid, mainiacjoe_overflow_tiny_flanked,
          lemuel_doored_altar, serial_shops, shop
D:10:     layout_basic, nicolae_vehumet_altar_sigil, erik_orc_4,
          serial_bayou_pond_b, uniq_sonja
D:11:     wander_kiku_kobolds, layout_basic, minmay_lair_entry_grove,
          serial_co_window_serial, co_window_of_opportunity_a,
          co_window_paths_a, co_window_of_opportunity_a, co_window_corner_a,
          co_window_paths_a, co_window_broadway_a, co_window_unsneaky_path_d,
          co_window_2corner, co_window_broadway_b, co_window_corner_cb,
          co_window_corner_cb, co_window_corner_ca, glass_columns_a, hex_medium,
          uniq_erolcha
D:12:     layout_roguey
D:13:     layout_irregular_city, glass_columns_c
D:14:     layout_loops_ring, hellmonk_vaults_attempted_burglary,
          gammafunk_ghost_abyssal_escape, nicolae_sif_muna_condensation
D:15:     gammafunk_enter_depths_forms, layout_cave_pods,
          nicolae_zig_zag_zippers
Lair:1:   layout_gridlike
Lair:2:   layout_cave_pods, minmay_swamp_entry_worms, beast_lair_carwin_1,
          grunt_megastairs_2
Lair:3:   beast_lair_carwin_large_4, layout_chaotic_city,
          nicolae_spider_entry_orb_guardian, lemuel_fruit_tree, uniq_nessos
Lair:4:   layout_regular_city, kennysheep_catoblepas_arena,
          infiniplex_staircase_pool_2, grunt_megastairs_3
Lair:5:   hellmonk_lair_end_abyssal_woods, layout_cave_pods,
          nicolae_slime_entry_field_trip
Spider:1: gammafunk_boulding_lane, nicolae_spider_eight_legs
Orc:1:    layout_diamond_mine, serial_shops, shop, nicolae_orc_lava_room
Orc:2:    grunt_orc_gardens, layout_caves, grunt_orc_garden, grunt_orc_garden,
          grunt_orc_garden, grunt_orc_garden, serial_shops,
          nicolae_shop_tiny_glass

Skill      XL: |  1  2  3  4  5  6  7  8  9 10 11 12 13 14 15 16 |
---------------+-------------------------------------------------+-----
Long Blades    | 4 5 6 7 8 9 11 14 | 14.0
Dodging        | 1 2 4 5 6 8 9 |  9.6
Fighting       | 4 5 6 7 8 10 11 | 11.4
Armour         | 2 3 5 7 8 |  8.7
Invocations    | 2 7 11 | 11.0
Evocations     | 4 7 |  7.0
Translocations | 6 9 11 13 | 13.0

Action                     |  1- 3 |  4- 6 |  7- 9 | 10-12 | 13-15 | 16-18 || total
---------------------------+-------+-------+-------+-------+-------+-------++-------
  Melee: Falchion          |    80 |    79 |   230 |    90 |       |       ||   479
         Dagger            |    59 |   218 |   289 |       |       |       ||   566
         Scimitar          |       |       |     4 |   353 |   594 |    57 ||  1008
         Long sword        |       |       |       |   235 |   561 |    55 ||   851
  Throw: Stone             |     2 |     2 |    30 |    37 |     4 |       ||    75
         Dart              |       |       |       |     7 |       |       ||     7
         Boomerang         |       |       |       |       |    72 |     4 ||    76
   Cast: Passage of Golubr |       |       |       |       |     4 |       ||     4
         Dispersal         |       |       |       |       |     1 |       ||     1
 Invoke: Slouch            |       |       |       |     2 |    12 |     4 ||    18
  Evoke: Wand              |       |       |     4 |    13 |    22 |     1 ||    40
         Condenser vane    |       |       |       |       |     3 |     1 ||     4
         Lightning rod     |       |       |       |       |     1 |     6 ||     7
         Phantom mirror    |       |       |       |       |     1 |       ||     1
    Use: Scroll            |       |     4 |    12 |     8 |     7 |       ||    31
         Potion            |       |       |       |       |       |     2 ||     2
   Stab: Sleeping          |     1 |     3 |     1 |     2 |     1 |       ||     8
         Distracted        |       |       |     2 |     1 |     1 |       ||     4
         Petrified         |       |       |       |       |     3 |       ||     3
         Invisible         |       |       |       |       |     2 |       ||     2
         Confused          |       |       |       |       |       |     1 ||     1
 Armour: Leather armour    |    41 |    78 |   164 |    23 |       |       ||   306
         Ring mail         |       |       |       |   132 |   329 |    45 ||   506
  Dodge: Dodged            |    37 |    67 |   217 |   328 |   538 |    75 ||  1262

Table legend: (Time is in decaauts)
 A = Elapsed time spent in this place.
 B = Non-inter-level travel time spent in this place.
 C = Inter-level travel time spent in this place.
 D = Time resting spent in this place.
 E = Time spent auto-exploring this place.
 F = Levels seen in this place.
 G = Mean time per level.
                   A        B        C        D        E       F      G
               +--------+--------+--------+--------+--------+-----+--------+
         Total |  36401 |  33996 |   2405 |   1600 |  27521 |  23 | 1582.7 |
       Dungeon |  24062 |  22538 |   1524 |   1234 |  18209 |  15 | 1604.1 |
          Lair |   9809 |   9240 |    569 |    199 |   7778 |   5 | 1961.8 |
   Spider Nest |    259 |    259 |      0 |      0 |    105 |   1 |  259.0 |
  Orcish Mines |   2270 |   1960 |    310 |    167 |   1429 |   2 | 1135.0 |
               +--------+--------+--------+--------+--------+-----+--------+

Top non-repeatable levels by time:
    D:11: 2639 daAuts
     D:8: 2621 daAuts
     D:6: 2259 daAuts
  Lair:5: 2214 daAuts
    D:15: 2055 daAuts
    D:10: 2010 daAuts
  Lair:2: 1988 daAuts
  Lair:3: 1959 daAuts
  Lair:4: 1905 daAuts
     D:4: 1803 daAuts
  Lair:1: 1741 daAuts
   Orc:2: 1540 daAuts
     D:9: 1520 daAuts
     D:7: 1383 daAuts
    D:14: 1359 daAuts
